 Dungeon Crawl Stone Soup version 0.30.1-11-g7821555f0a (webtiles) character file.

Game seed: 11283397867467342681

114 Aphynety the Magician (level 4, -1/24 HPs)
             Began as a Deep Elf Fire Elementalist on Oct 27, 2023.
             Slain by a gnoll
             ... wielding a +0 spear
             ... led by a gnoll bouda
              (6 damage)
             ... on level 3 of the Dungeon.
             The game lasted 00:07:09 (2352 turns).

Aphynety the Magician (Deep Elf Fire Elementalist)  Turns: 2352, Time: 00:07:10

Health: -1/24      AC:  3    Str:  5    XL:     4   Next: 66%
Magic:  7/12       EV: 13    Int: 22    God:
Gold:   87         SH:  0    Dex: 15    Spells: 10/11 levels left

rFire   . . .        l - +1 dagger (speed)
rCold   . . .        (no shield)
rNeg    . . .        a - +0 robe
rPois   .            (no helmet)
rElec   .            k - +0 cloak
rCorr   .            (no gloves)
SInv    .            (no boots)
Will    .....        (no amulet)
Stlth   ++           (no ring)
HPRegen 0.24/turn    (no ring)
MPRegen 0.13/turn

%: no passive effects
@: no status effects
A: no striking features
a: no special abilities


You were on level 3 of the Dungeon.
You visited 1 branch of the dungeon, and saw 3 of its levels.

You collected 112 gold pieces.
You spent 25 gold pieces at shops.

Inventory:

Hand Weapons
 l - a +1 dagger of speed (weapon)
Armour
 a - a +0 robe (worn)
 k - a +0 cloak (worn)
Jewellery
 h - a ring of flight
Scrolls
 b - a scroll of immolation {unknown}
 c - 3 scrolls of teleportation
 d - a scroll of noise {unknown}
 f - a scroll of amnesia
 g - 2 scrolls of identify {unknown}
 n - a scroll of fear {unknown}
Potions
 e - a potion of curing {unknown}
 i - 2 potions of attraction {unknown}
 j - a potion of brilliance {unknown}
 m - a potion of ambrosia {unknown}
 o - a potion of might {unknown}


   Skills:
 + Level 3.4 Dodging
 + Level 3.5 Stealth
 + Level 4.0 Spellcasting
 + Level 2.3 Conjurations
 + Level 4.0 Fire Magic


You had 10 spell levels left.
You knew the following spells:

 Your Spells              Type           Power      Damage    Failure   Level
a - Foxfire               Conj/Fire      72%        2x1d7     3%          1

Your spell library contained the following spells:

 Spells                   Type           Power      Damage    Failure   Level
 Scorch                   Fire           44%        2d6       3%          2
 Inner Flame              Hex/Fire       13%        N/A       14%         3
 Volatile Blastmotes      Fire/Tloc      26%        2d12      14%         3
 Flame Wave               Conj/Fire      18%        2d7       30%         4


Dungeon Overview and Level Annotations

Branches:
Dungeon (3/15)

Altars:

Shops:
D:1 *


Message History

Your attacks no longer feel as feeble.
The foxfire hits the gnoll bouda.
The gnoll bouda is lightly wounded.
The foxfire hits the gnoll bouda.
The gnoll bouda is moderately wounded.
The gnoll bouda gazes fiercely through you!
You feel your attacks grow feeble.
The gnoll bouda attacks as you move away!
The gnoll bouda hits you with a +0 club.
You hit the gnoll bouda.
The gnoll bouda is heavily wounded.
Your magical contamination has completely faded away.
The gnoll bouda attacks as you move away!
The gnoll bouda hits you with a +0 club.
You are too injured to fight recklessly!
You are too injured to fight recklessly!
Casting: Foxfire (safe; 3% risk of failure)
Confirm with . or Enter, or press ? or * to list all spells.
You conjure some foxfire!
The gnoll misses you.
Casting: Foxfire (safe; 3% risk of failure)
Confirm with . or Enter, or press ? or * to list all spells.
You conjure some foxfire!
The foxfire hits the gnoll bouda.
The gnoll bouda is severely wounded.
The foxfire hits the gnoll.
The gnoll is almost dead.
The gnoll bouda barks out a call to the hunt!
The gnoll picks up the pace!
The gnoll hits you from afar with a +0 spear.
* * * LOW HITPOINT WARNING * * *
Your foxfire dissipates!
Your attacks no longer feel as feeble.
The foxfire hits the gnoll bouda.
The gnoll bouda is almost dead.
The gnoll bouda calls upon its god to heal the gnoll.
The gnoll is healed somewhat.
The gnoll is no longer moving quickly.
The gnoll bouda barks out a call to the hunt!
The gnoll picks up the pace!
The gnoll attacks as you move away! The gnoll hits you with a +0 spear.
You die...

#.# #.# #.# #.# #. #.# ###.# #.#
#.# #...# #.# #.# #.### #.# #.#
#.# # #.########.# #.# #
#.......##.########.#######
#..###.<.#@#.............##
#######.......gg.#.######.####.##
.........###........÷.÷)..# #.##
.....##......g...........## #.##
#..g ##.####÷#.##.#####.# #.##
##. #.# #.#.##.# #.# #.## # ..#
#.#.##.# #.# #.## .### #...##.#
#.# #.## .# ######.# #.#####.##


You could see a gnoll bouda and 2 gnolls.

Vanquished Creatures
  2 orc priests (D:2)
  An adder (D:3)
  A dart slug (D:1)
  3 orcs (D:2)
  2 ball pythons (D:1)
  4 bats
  2 endoplasms
  5 goblins
  2 hobgoblins
  3 jackals (D:3)
  2 quokkas
  A frilled lizard (D:1)
  4 kobolds
  7 rats
39 creatures vanquished.

Vanquished Creatures (others)
  218 foxfires
218 creatures vanquished.

Grand Total: 257 creatures vanquished

Notes
Turn   | Place    | Note
-------+----------+-------------------------------------------
     0 | D:1      | Aphynety the Deep Elf Fire Elementalist began the quest for
                  | the Orb.
     0 | D:1      | Reached XP level 1. HP: 10/10 MP: 6/6
   125 | D:1      | Found Vatum's Assorted Antiques.
   358 | D:1      | Reached XP level 2. HP: 15/15 MP: 0/8
  1022 | D:1      | Bought a scroll labelled OXTEOK MIUVI for 25 gold pieces
  1516 | D:2      | Reached XP level 3. HP: 19/19 MP: 1/10
  1557 | D:2      | Reached XP level 4. HP: 13/24 MP: 6/11
  2352 | D:3      | Slain by a gnoll

Illustrated notes

Levels and vault maps discovered:
D:1:      lemuel_arrival_muddy, layout_rooms, serial_shops, shop_fountains
D:2:      cheibrodos_pilgrimage, layout_basic
D:3:      layout_loops_ring, grunt_ministairs_11

Skill      XL: |  1  2  3  4 |
---------------+-------------+-----
Dodging        | 3 |  3.4
Stealth        | 3 |  3.5
Conjurations   | 2 |  2.3
Spellcasting   | 4 |  4.0
Fire Magic     | 4 |  4.0

Action                     |  1- 3 |  4- 6 || total
---------------------------+-------+-------++-------
  Melee: Dagger            |       |     1 ||     1
   Cast: Foxfire           |    89 |    45 ||   134
    Use: Scroll            |     2 |       ||     2
         Potion            |     1 |       ||     1
  Dodge: Dodged            |     1 |     3 ||     4
